 Dungeon Crawl Stone Soup version 0.23.0-33-g5e6c059fef (webtiles) character file.

Game seed: 17845787971557302636

83 MirrMurr the Ducker (level 4, 0/23 HPs)
             Began as a Spriggan Gladiator on Feb 26, 2019.
             Killed by nerve-wracking pain
             ... invoked by Jessica
              (9 damage)
             ... on level 2 of the Dungeon.
             The game lasted 00:04:13 (1360 turns).

MirrMurr the Ducker (Spriggan Gladiator)            Turns: 1360, Time: 00:04:13

Health: 0/23       AC:  3    Str: 11    XL:     4   Next: 22%
Magic:  5/5        EV: 20    Int:  9    God:
Gold:   64         SH:  0    Dex: 17    Spells: 3/3 levels left

rFire    . . .     SeeInvis +   a - +1 short sword (elec)
rCold    . . .     Gourm    .   (shield restricted)
rNeg     . . .     Faith    .   q - +0 robe
rPois    .         Spirit   .   c - +0 hat
rElec    .         Reflect  .   n - +0 cloak
rCorr    .         Harm     .   (gloves unavailable)
MR       .....                  (boots unavailable)
Stlth    ++........             (no amulet)
HPRegen  0.07/turn              (no ring)
MPRegen  0.09/turn              (no ring)

@: lethally poisoned (0 -> -5), slowed, quick
A: very small, unfitting armour, see invisible, herbivore, speed 3, slow
metabolism 2
a: no special abilities


You were on level 2 of the Dungeon.
You were not hungry.

You visited 1 branch of the dungeon, and saw 2 of its levels.

You collected 64 gold pieces.

Inventory:

Hand Weapons
 a - a +1 short sword of electrocution (weapon)
 b - a +0 hunting sling
 k - a +0 rapier
Missiles
 d - 4 throwing nets (quivered) {!f}
 e - 30 stones
 j - 10 poisoned needles
Armour
 c - a +0 hat (worn)
 n - a +0 cloak (worn)
 q - a +0 robe (worn)
 s - a cursed +0 robe
Scrolls
 g - 2 scrolls of fear
 l - a scroll of teleportation {unknown}
 o - a scroll of identify {unknown}
Potions
 h - a potion of brilliance {unknown}
 i - a potion of agility {unknown}
 m - a potion of ambrosia {unknown}
 p - a potion of mutation {unknown}
 r - a potion of haste {unknown}
Comestibles
 f - 2 rations


   Skills:
 + Level 2.2 Fighting
 * Level 4.3 Short Blades
 + Level 0.0(1.3) Slings
 - Level 2.0 Throwing
 + Level 5.1 Dodging
 + Level 2.4 Stealth


You had 3 spell levels left.
You didn't know any spells.
Your spell library was empty.

Dungeon Overview and Level Annotations

Branches:
Dungeon (2/15)

Altars:
Cheibriados

Annotations:
D:2 Jessica


Innate Abilities, Weirdness & Mutations

You are very small and have problems with some larger weapons.
You are too small for most types of armour.
You have supernaturally acute eyesight. (SInv)
You are a herbivore.
You cover ground extremely quickly.
You need to consume almost no food.


Message History

You feel sick. The adder bites you.
You are too injured to fight recklessly!
You are too injured to fight recklessly!
You are too injured to fight recklessly!
You are too injured to fight recklessly!
You feel sick.
Jessica gestures wildly while chanting.
Jessica blinks!
A kobold comes into view. It is wielding a +0 club.
You feel sick.
The kobold shouts!
Found a golden potion.
Jessica gestures wildly while chanting.
Jessica blinks!
You feel sick.
Jessica points at you and mumbles some strange words.
You feel yourself slow down. Jessica casts a spell at you.
Pain shoots through your body!
You die...

#########################
...............(........#
#######################.#
#.# ####### #.#
#.....####.# #<......##.#
.. #.......##.#
....####..@....##.#
..w.(?(.w.@....##.#
####..##....##.#
#######.##....##.#
###.....#..#S......#
##_#.....##S#.#######
#####≈≈≈.....##.#.#.....
....≈≈≈≈≈....'....K.>#
####≈≈.≈≈....###..#...K.#


You could see an adder, a dart slug, Jessica and a kobold.

Vanquished Creatures
  Terence (D:2)
  A worker ant (D:2)
  An ooze (D:2)
  3 dart slugs (D:2)
  2 giant cockroaches (D:2)
  2 goblins (D:2)
  6 hobgoblins
  2 kobolds
  3 bats
  A frilled lizard (D:1)
  3 rats
25 creatures vanquished.

Notes
Turn   | Place    | Note
-------+----------+-------------------------------------------
     0 | D:1      | MirrMurr the Spriggan Gladiator began the quest for the
                  | Orb.
     0 | D:1      | Reached XP level 1. HP: 10/10 MP: 2/2
   698 | D:2      | Noticed a worker ant
   703 | D:2      | Killed a worker ant
   703 | D:2      | Reached skill level 1 in Stealth
   703 | D:2      | Reached XP level 2. HP: 4/15 MP: 3/3
   703 | D:2      | Reached XP level 3. HP: 5/18 MP: 4/4
   968 | D:2      | Noticed Terence
   974 | D:2      | Killed Terence
   974 | D:2      | Reached skill level 5 in Dodging
  1072 | D:2      | Reached XP level 4. HP: 23/23 MP: 5/5
  1290 | D:2      | Found a snail-covered altar of Cheibriados.
  1340 | D:2      | Noticed Jessica
  1360 | D:2      | Killed from afar by Jessica

Skill      XL: |  1  2  3 |
---------------+----------+-----
Stealth        | 1 2 |  2.4
Fighting       | 2 |  2.2
Short Blades   | 4 |  4.3
Dodging        | 5 |  5.1
Throwing       | |  2.0

Action                   |  1- 3 |  4- 6 || total
-------------------------+-------+-------++-------
Melee: Rapier            |    15 |       ||    15
       Short sword       |    32 |    16 ||    48
 Fire: Hunting sling     |       |    13 ||    13
  Use: Scroll            |     1 |       ||     1
 Stab: Sleeping          |     3 |       ||     3
Armor: Robe              |     3 |     4 ||     7
Dodge: Dodged            |    35 |     8 ||    43
